 Dungeon Crawl Stone Soup version 0.19.4-9-g45fd643 (webtiles) character file.

265 volk64 the Gusty (level 6, -1/33 HPs)
             Began as a Tengu Air Elementalist on Feb 22, 2017.
             Killed by divine providence
             ... invoked by an orc priest
              (11 damage)
             ... on level 4 of the Dungeon.
             The game lasted 00:19:27 (4137 turns).

volk64 the Gusty (Tengu Air Elementalist)           Turns: 4137, Time: 00:19:28

Health: -1/33      AC:  2    Str: 10    XL:     6   Next: 20%
Magic:  2/11       EV: 19    Int: 16    God:
Gold:   223        SH:  0    Dex: 14    Spells: 4 memorised, 3 levels left

rFire  . . .     SeeInvis .     n - +2 mace (venom)
rCold  . . .     Gourm    .     a - +0 robe
rNeg   . . .     Faith    .     (no shield)
rPois  .         Spirit   .     (helmet restricted)
rElec  .         Reflect  .     (no cloak)
rCorr  .         Harm     .     (no gloves)
MR     .....                    (boots unavailable)
Stlth  ++........               (no amulet)
                                (no ring)
                                i - +6 ring of evasion

@: repel missiles
A: beak, talons 3, able to fly 1
a: Fly


You were on level 4 of the Dungeon.
You were hungry.

You visited 1 branch of the dungeon, and saw 4 of its levels.

You collected 223 gold pieces.

Inventory:

Hand Weapons
 l - a +0 spear
 n - a +2 mace of venom (weapon)
Armour
 a - a +0 robe (worn)
Jewellery
 e - a +5 ring of slaying {unknown}
 i - a +6 ring of evasion (left hand)
 o - an uncursed amulet of harm
 w - an uncursed ring of flight {unknown}
Scrolls
 d - a scroll of magic mapping {unknown}
 g - a scroll of fear
 k - 2 scrolls of remove curse
 q - a scroll of identify
 r - a scroll of enchant armour {unknown}
 t - a scroll of blinking {unknown}
 v - a scroll of teleportation
Potions
 j - a potion of flight
 s - a potion of brilliance {unknown}
 u - a potion of haste
 z - a potion of degeneration {unknown}
Books
 b - a book of Air

   Spells                             Type                      Level
   a - Shock                          Conjuration/Air              1
   b - Swiftness                      Charms/Air                   2
   c - Repel Missiles                 Charms/Air                   2
   d - Static Discharge               Conjuration/Air              3
   e - Lightning Bolt                 Conjuration/Air              5
Comestibles
 c - a bread ration
 f - a royal jelly
 h - 3 meat rations
 m - 2 fruits
 x - a beef jerky


   Skills:
 + Level 0.8 Fighting
 + Level 2.1 Maces & Flails
 + Level 0.4 Polearms
 + Level 2.5 Dodging
 + Level 3.2 Stealth
 + Level 0.4 Unarmed Combat
 + Level 3.0 Spellcasting
 + Level 3.1 Conjurations
 + Level 5.4 Air Magic


You had 3 spell levels left.
You knew the following spells:

 Your Spells              Type           Power        Failure   Level  Hunger
a - Shock                 Conj/Air       ###.         3%          1    #......
b - Repel Missiles        Chrm/Air       ##....       10%         2    ##.....
c - Swiftness             Chrm/Air       ##......     10%         2    ##.....
d - Static Discharge      Conj/Air       ###.....     12%         3    ###....


Dungeon Overview and Level Annotations

Branches:
Dungeon (4/15)
 Temple: D:4-7

Altars:
Cheibriados
Fedhas
Ru


Innate Abilities, Weirdness & Mutations

You have a beak for a mouth.
You have claws for feet.
You can fly.


Message History

The lightning grounds out.
The adder misses you.
The orc priest miscasts a cantrip.
Casting: Static Discharge
Confirm with . or Enter, or press ? or * to list all spells.
The adder is struck by lightning.
The adder is almost dead.
The lightning grounds out.
You are feeling hungry.
The adder completely misses you. The adder closely misses you.
The orc priest calls down the wrath of Beogh upon you.
Beogh smites you!
Casting: Static Discharge
Confirm with . or Enter, or press ? or * to list all spells.
You don't have enough magic to cast that spell.
You closely miss the adder. Your kick misses the adder.
The adder is almost dead.
The adder misses you. The orc hits you with a mace.
The orc priest calls down the wrath of Beogh upon you.
Beogh smites you!
You die...

##### ##...#
#..<.##
##..#..#
#?.#...##
#.......##
##@......#
#.ooS).......
#...o.........
#..>..........
..#.....(...$.
..............
.###...........
............


You could see an orc priest, an adder and 2 orcs.

Vanquished Creatures
  A centaur skeleton (D:4)
  An orc wizard (D:3)
  A worker ant (D:4)
  8 adders
  2 worms
  2 dart slugs
  4 leopard geckos (D:2)
  10 orcs
  8 giant cockroaches
  6 goblins
  10 hobgoblins
  11 jackals
  4 kobolds
  2 quokkas
  A ball python (D:2)
  8 bats
  4 frilled lizards
  9 rats
92 creatures vanquished.

Notes
Turn   | Place    | Note
-------+----------+-------------------------------------------
     0 | D:1      | volk64 the Tengu Air Elementalist began the quest for the Orb.
     0 | D:1      | Reached XP level 1. HP: 10/10 MP: 4/4
   136 | D:1      | Reached XP level 2. HP: 15/15 MP: 0/6
   151 | D:1      | Learned a level 2 spell: Repel Missiles
   154 | D:1      | Learned a level 2 spell: Swiftness
   519 | D:1      | Reached XP level 3. HP: 19/19 MP: 2/7
  1075 | D:2      | Reached skill level 5 in Air Magic
  1485 | D:2      | Reached XP level 4. HP: 24/24 MP: 2/8
  1490 | D:2      | Learned a level 3 spell: Static Discharge
  1672 | D:2      | Reached skill level 1 in Maces & Flails
  2257 | D:2      | Found a blossoming altar of Fedhas.
  2578 | D:3      | Gained mutation: You can fly. [Tengu growth]
  2578 | D:3      | Reached XP level 5. HP: 21/28 MP: 6/9
  2752 | D:3      | Found a snail-covered altar of Cheibriados.
  3059 | D:3      | Found a sacrificial altar of Ru.
  3986 | D:4      | Reached XP level 6. HP: 17/33 MP: 8/11
  4137 | D:4      | Killed from afar by an orc priest

Skill      XL: |  1  2  3  4  5 |
---------------+----------------+-----
Air Magic      | 5 |  5.4
Conjurations   | 2 3 |  3.1
Maces & Flails | 1 2 |  2.1
Stealth        | 3 |  3.2
Spellcasting   | 3 |  3.0
Fighting       | |  0.8
Polearms       | |  0.4
Dodging        | |  2.5
Unarmed Combat | |  0.4

Action                   |  1- 3 |  4- 6 || total
-------------------------+-------+-------++-------
Melee: Unarmed           |    10 |       ||    10
       Peck              |     5 |    16 ||    21
       Spear             |    22 |       ||    22
       Kick              |     5 |    15 ||    20
       Mace              |     9 |    85 ||    94
 Cast: Shock             |    42 |    47 ||    89
       Repel Missiles    |     1 |     1 ||     2
       Swiftness         |     1 |       ||     1
       Static Discharge  |       |     9 ||     9
  Use: Scroll            |     5 |     7 ||    12
       Potion            |     2 |     4 ||     6
 Stab: Sleeping          |     1 |     4 ||     5
  Eat: Chunk             |     3 |     9 ||    12
Armor: Robe              |     5 |    10 ||    15
Dodge: Dodged            |    26 |    98 ||   124
       Deflected         |       |     2 ||     2
